 Dungeon Crawl Stone Soup version 0.28-a0-941-g140ffa1 (webtiles) character file.

Game seed: 12131147960207617486

15701 Dorkslayer the Carver (level 12, -7/77 HPs)
             Began as a Gargoyle Fighter on Nov 29, 2021.
             Was an Elder of the Shining One.
             Killed from afar by Jorgrun (35 damage)
             ... with an iron shot
             ... on level 1 of the Orcish Mines.
             The game lasted 00:44:00 (10819 turns).

Dorkslayer the Carver (Gargoyle Fighter)           Turns: 10819, Time: 00:44:01

Health: -7/77      AC: 32    Str: 28    XL:     12   Next: 29%
Magic:  16/17      EV:  5    Int: 10    God:    the Shining One [****..]
Gold:   1078       SH: 18    Dex: 11    Spells: 11/11 levels left

rFire   + . .      SeeInvis .   r - +8 long sword
rCold   + . .      Faith    .   M - +3 buckler {reflect}
rNeg    + + +      Spirit   .   q - +3 plate armour
rPois   ∞          Reflect  +   I - +1 helmet
rElec   +          Harm     .   f - +1 cloak
rCorr   +          Rampage  .   y - +2 pair of gloves
Will    .....                   (no boots)
Stlth   ..........              s - amulet of the acrobat
HPRegen 0.22/turn               a - +6 ring of strength
MPRegen 0.15/turn               P - +4 ring of slaying

@: mighty, divinely shielded, resistant, grasped by roots, glowing, constricted
A: sickness immunity, AC +8, negative energy resistance 1, electricity
resistance, torment resistance 1, petrification resistance
a: Renounce Religion, Divine Shield, Cleansing Flame


You were on level 1 of the Orcish Mines.
You worshipped the Shining One.
The Shining One was greatly pleased with you.
You visited 3 branches of the dungeon, and saw 13 of its levels.
You also visited: Sewer.

You collected 1687 gold pieces.
You spent 609 gold pieces at shops.

Inventory:

Hand Weapons
 j - a +3 long sword
 r - a +8 long sword (weapon)
Missiles
 o - 98 poisoned darts
 F - 4 atropa-tipped darts (quivered)
Armour
 f - a +1 cloak (worn)
 q - a +3 plate armour (worn)
 y - a +2 pair of gloves (worn)
 I - a +1 helmet (worn)
 M - a +3 buckler of reflection (worn)
 O - a scarf of repulsion
Jewellery
 a - a +6 ring of strength (left hand)
 b - a ring of willpower
 c - an amulet of reflection
 s - an amulet of the acrobat (around neck)
 v - a +6 ring of intelligence
 J - an amulet of magic regeneration
 P - a +4 ring of slaying (right hand)
Wands
 h - a wand of digging (3)
 n - a wand of flame (23)
 t - a wand of acid (4)
 B - a wand of mindburst (21)
 C - a wand of iceblast (30)
 E - a wand of paralysis (6)
Scrolls
 d - 5 scrolls of teleportation
 e - a scroll of blinking
 i - 2 scrolls of immolation
 p - a scroll of fog
 x - 3 scrolls of enchant weapon
 L - a scroll of amnesia
 Q - a scroll of fear
Potions
 g - 8 potions of curing
 k - 3 potions of brilliance
 m - 2 potions of flight
 u - a potion of mutation {unknown}
 w - 3 potions of magic
 A - a potion of cancellation {unknown}
 D - a potion of resistance
 G - a potion of heal wounds
 H - a potion of ambrosia {unknown}
 K - 2 potions of attraction {unknown}
Miscellaneous
 N - a phantom mirror (inert)


   Skills:
 * Level 10.0 Fighting
 + Level 10.6 Long Blades
 + Level 2.1 Throwing
 + Level 6.9 Armour
 + Level 2.3 Dodging
 + Level 2.0 Stealth
 + Level 7.4 Shields
 * Level 7.9 Invocations
 * Level 6.4 Evocations


You had 11 spell levels left.
You didn't know any spells.
Your spell library contained the following spells:

 Spells                   Type           Power      Damage    Failure   Level
 Summon Small Mammal      Summ           0%         N/A       98%         1
 Blink                    Tloc           0%         N/A       99%         2
 Call Canine Familiar     Summ           0%         N/A       100%        3
 Dazzling Flash           Conj/Hex       0%         N/A       100%        3
 Gell's Gravitas          Tloc           0%         N/A       100%        3
 Lesser Beckoning         Tloc           0%         N/A       100%        3
 Summon Guardian Golem    Hex/Summ       0%         N/A       100%        3
 Teleport Other           Tloc           0%         N/A       100%        3
 Iskenderun's Mystic Bla  Conj/Tloc      0%         2d3       100%        4
 Blade Hands              Tmut           0%         N/A       100%        5
 Irradiate                Conj/Tmut      0%         3d13      100%        5
 Manifold Assault         Tloc           0%         N/A       100%        5
 Summon Forest            Summ/Tloc      0%         N/A       100%        5
 Summon Mana Viper        Hex/Summ       0%         N/A       100%        5
 Starburst                Conj/Fire      0%         6d3       100%        6
 Summon Cactus Giant      Summ           0%         N/A       100%        6
 Dragon Form              Tmut           0%         N/A       100%        7
 Storm Form               Tmut/Air       0%         N/A       100%        7


Dungeon Overview and Level Annotations

Branches:
Dungeon (11/15)            Temple (1/1) D:6            Lair (0/6) D:10
    Orc (1/2) D:11          Sewer (visited)

Altars:
Ashenzari
Cheibriados
Elyvilon
Gozag
Hepliaklqana
Kikubaaqudgha
Makhleb
Nemelex Xobeh
Okawaru
Sif Muna
Uskayaw
The Shining One

Shops:
D:4 *   D:5 *   D:9 [   D:11 =

Annotations:
Orc:1 Jorgrun


Innate Abilities, Weirdness & Mutations

You are immune to sickness and miasma.
Your stone body is resilient. (AC +8)
You are immune to poison.
You resist negative energy. (rN+)
You are resistant to electric shocks. (rElec)
You are resistant to unholy torment.
You are immune to petrification.


Message History

You kill the orc warrior!
You block the orc's attack.
Your plate armour prevents you from hitting the orc.
The orc hits you but does no damage.
You barely miss the orc. You slice the ogre!!
The ogre is almost dead.
You block the orc's attack. The ogre hits you with a +0 giant club.
You slice the ogre!!
You kill the ogre!
You block the orc's attack. The orc hits you but does no damage.
You slice the orc!!
You kill the orc!
You block the orc's attack.
Aiming: Corrosive Bolt
Press: ? - help, Shift-Dir - straight line, f - Jorgrun
Aim: Jorgrun, wielding a +0 vorpal quarterstaff and wearing a +2 robe (haloed, 70% to hit)
The bolt of acid hits the orc!!
The acid corrodes the orc!
You kill the orc!
The bolt of acid hits Jorgrun!
The acid corrodes Jorgrun!
Jorgrun is lightly wounded.
You closely miss Jorgrun.
Jorgrun is lightly wounded.
Jorgrun casts a spell next to you.
The wall shatters!
The blast of rock fragments hits you!
You slash Jorgrun!
Jorgrun is lightly wounded.
Jorgrun casts a spell next to you.
The wall shatters!
The blast of rock fragments hits you!! Jorgrun gestures at you while chanting.
Roots burst forth from the earth!
The grasping roots grab you! The grasping roots constrict you.
There is a staircase back to the Dungeon, spattered with blood here.
Things that are here:
a +0 flail; a +0 plate armour; an orc corpse The roots' grasp on you weakens, but your attempt to escape fails.
Jorgrun points at you and mumbles some strange words.
The iron shot hits you!!
You die...

#....# #####..#
###.##..#.#
##.#.#...######
#...#.........##
###......#......#
##.#...#.##......##
#.....######...#..#
####..@###>[).....#
###.....)...#.##
#.)g).....####
#........###
###......##.##
##.......##...##
#............#.##
##.....#.#.....$.#
#.........#.....##


You could see Jorgrun (corroded).

Vanquished Creatures
  A boulder beetle (D:10)
  Erolcha (Orc:1)
  A centaur warrior (D:10)
  4 two-headed ogres
  4 skeletal warriors (D:11)
  An ugly thing (D:11)
  A cyclops (D:11)
  Maurice (D:10)
  2 trolls
  6 yaks (D:10)
  Sigmund (D:2)
  A shadow (D:10)
  A vampire (D:11)
  A wyvern (D:8)
  2 steam dragons
  Menkaure (D:4)
  9 orc warriors
  A sky beast (D:6)
  An ice beast (D:6)
  5 ogres
  2 black bears (D:10)
  7 centaurs
  3 necrophages (D:4)
  2 phantoms (D:6)
  5 kobold brigands
  4 bullfrogs
  5 scorpions
  2 water moccasin zombies
  A wyvern skeleton (D:7)
  16 wights
  A killer bee (D:10)
  An electric eel (D:9)
  6 centaur zombies
  7 orc priests
  6 hounds
  A human zombie (D:4)
  2 jellies
  Jessica (D:3)
  4 bullfrog skeletons
  4 iguanas
  6 orc wizards
  Natasha (thrice) (D:3)
  A scorpion zombie (D:4)
  A killer bee zombie (D:7)
  3 hound zombies
  A hound skeleton (D:5)
  2 howler monkey zombies
  8 adders
  A howler monkey skeleton (D:7)
  2 river rats
  3 white imps
  An ufetubus (D:5)
  An adder zombie (D:4)
  4 worms
  A dart slug (D:1)
  26 orcs
  3 ball pythons
  4 bats
  6 endoplasms
  3 giant cockroaches
  9 goblins
  9 hobgoblins
  6 jackals
  24 kobolds
  4 quokkas
  3 frilled lizards
  A jackal skeleton (D:4)
  9 rats
270 creatures vanquished.

Vanquished Creatures (others)
  A killer bee zombie (D:8)
  3 fungi (D:10)
  20 plants
24 creatures vanquished.

Grand Total: 294 creatures vanquished

Notes
Turn   | Place    | Note
-------+----------+-------------------------------------------
     0 | D:1      | Dorkslayer the Gargoyle Fighter began the quest for the
                  | Orb.
     0 | D:1      | Reached XP level 1. HP: 14/14 MP: 1/1
   272 | D:1      | Reached XP level 2. HP: 19/19 MP: 2/2
   959 | D:1      | Found a faded altar of an unknown god.
   965 | D:1      | Reached XP level 3. HP: 24/24 MP: 3/3
  1430 | D:2      | Found a broken altar of Ashenzari.
  1510 | D:2      | Noticed Sigmund
  1525 | D:2      | Killed Sigmund
  1526 | D:2      | Reached XP level 4. HP: 27/29 MP: 4/4
  1526 | D:2      | Reached XP level 5. HP: 31/33 MP: 5/5
  1965 | D:3      | You fall into a shaft and drop 2 floors!
  1965 | D:5      | Entered Level 5 of the Dungeon
  1988 | D:6      | Reached XP level 6. HP: 29/38 MP: 6/6
  1991 | D:6      | Found a staircase to the Ecumenical Temple.
  2085 | D:6      | Found a glowing drain.
  2089 | Sewer    | Entered a sewer
  2202 | Sewer    | Reached skill level 1 in Stealth
  2322 | Sewer    | Found a white marble altar of Elyvilon.
  2332 | Sewer    | Became a worshipper of Elyvilon the Healer
  2440 | Temple   | Entered the Ecumenical Temple
  2446 | Temple   | Fell from the grace of Elyvilon
  2446 | Temple   | Became a worshipper of the Shining One
  2466 | D:6      | Noticed a sky beast
  2509 | D:5      | Reached skill level 1 in Dodging
  2509 | D:5      | Reached XP level 7. HP: 39/44 MP: 7/7
  2516 | D:6      | Reached skill level 5 in Long Blades
  2763 | D:5      | Found Motad's Assorted Antiques.
  2807 | D:5      | Bought a jewelled bone wand for 96 gold pieces
  3196 | D:3      | Reached XP level 8. HP: 43/48 MP: 8/8
  3500 | D:3      | Noticed Natasha
  3504 | D:3      | Killed Natasha
  3901 | D:3      | Noticed Jessica
  3909 | D:3      | Killed Jessica
  3928 | D:3      | Noticed Natasha
  3928 | D:3      | Reached * piety under the Shining One
  3944 | D:3      | Killed Natasha
  3945 | D:3      | Reached skill level 5 in Fighting
  4135 | D:3      | Noticed Natasha
  4141 | D:3      | Killed Natasha
  4176 | D:3      | Reached skill level 1 in Evocations
  4310 | D:4      | Reached skill level 5 in Armour
  4462 | D:4      | Found an opulent altar of Gozag.
  4465 | D:4      | Found Gozag's Platinum Reserve.
  4506 | D:4      | You fall into a shaft and drop 2 floors!
  4584 | D:5      | Reached skill level 1 in Throwing
  4717 | D:4      | Noticed Menkaure
  4724 | D:4      | Killed Menkaure
  4966 | D:4      | Found an ancient bone altar of Kikubaaqudgha.
  5039 | D:4      | Reached XP level 9. HP: 55/55 MP: 8/11
  5422 | D:5      | Reached ** piety under the Shining One
  5491 | D:5      | Noticed a two-headed ogre
  5534 | D:5      | Killed a two-headed ogre
  5535 | D:5      | Reached skill level 5 in Shields
  5836 | D:5      | Bought a scroll labelled EGILIL VAAJE for 24 gold pieces
  5836 | D:5      | Bought a scroll of identify for 48 gold pieces
  5836 | D:5      | Bought a scroll labelled EGILIL VAAJE for 24 gold pieces
  5863 | D:5      | Found a snail-covered altar of Cheibriados.
  6371 | D:6      | Reached XP level 10. HP: 62/63 MP: 13/13
  6434 | D:6      | Reached skill level 5 in Invocations
  6582 | D:5      | Bought a gilded ring for 120 gold pieces
  6582 | D:5      | Bought a scroll labelled HINNIJESUN for 24 gold pieces
  6582 | D:5      | Bought a scroll of immolation for 84 gold pieces
  6937 | D:7      | Reached *** piety under the Shining One
  7514 | D:8      | Found an iron altar of Okawaru.
  7516 | D:8      | Found a shimmering blue altar of Sif Muna.
  7557 | D:8      | Found a hazy altar of Hepliaklqana.
  7558 | D:8      | Found a faded altar of an unknown god.
  7559 | D:8      | Paralysed by a kobold brigand for 3 turns
  7785 | D:8      | Identified the +7 ring mail of the Saviour {Stlth+}
  8202 | D:9      | Noticed a two-headed ogre
  8213 | D:9      | Killed a two-headed ogre
  8273 | D:9      | Identified the +1 war axe "Pocehurgh" {venom, rElec rC+
                  | Str-5}
  8457 | D:9      | Reached **** piety under the Shining One
  8811 | D:9      | Found Wueppoocam's Armour Shoppe.
  8828 | D:9      | Bought a +1 buckler of reflection for 189 gold pieces
  9203 | D:10     | Entered Level 10 of the Dungeon
  9203 | D:10     | Noticed a centaur warrior
  9221 | D:10     | Killed a centaur warrior
  9222 | D:10     | Reached skill level 5 in Evocations
  9222 | D:10     | Reached XP level 11. HP: 61/68 MP: 15/15
  9330 | D:10     | Noticed Maurice
  9333 | D:10     | Killed Maurice
  9549 | D:10     | Noticed a boulder beetle
  9555 | D:10     | Killed a boulder beetle
  9606 | D:10     | Found a staircase to the Lair.
  9736 | D:11     | Noticed a cyclops
  9750 | D:11     | Killed a cyclops
  9851 | D:11     | Noticed a two-headed ogre
  9858 | D:11     | Killed a two-headed ogre
 10016 | D:11     | Noticed a red ugly thing
 10037 | D:11     | Killed a red ugly thing
 10038 | D:11     | Reached skill level 10 in Long Blades
 10306 | D:11     | Found Zimed's Jewellery Shoppe.
 10313 | D:11     | Found a staircase to the Orcish Mines.
 10393 | D:11     | Noticed a skeletal warrior
 10393 | D:11     | Noticed a skeletal warrior
 10396 | D:11     | Noticed a two-headed ogre
 10396 | D:11     | Noticed a skeletal warrior
 10407 | D:11     | Killed a skeletal warrior
 10409 | D:11     | Killed a skeletal warrior
 10411 | D:11     | Noticed a skeletal warrior
 10412 | D:11     | Killed a two-headed ogre
 10413 | D:11     | Reached XP level 12. HP: 60/77 MP: 10/17
 10555 | Orc:1    | Entered Level 1 of the Orcish Mines
 10659 | Orc:1    | Noticed Erolcha
 10665 | Orc:1    | Noticed Jorgrun
 10667 | Orc:1    | Killed Erolcha
 10668 | Orc:1    | Reached skill level 10 in Fighting
 10819 | Orc:1    | Killed from afar by Jorgrun

Illustrated notes

Levels and vault maps discovered:
D:1:      dpeg_arrival_connections, layout_basic,
          hellmonk_ecumenical_altar_run_dry
D:2:      layout_loops_corners, basic_altar, kennysheep_boxes, uniq_sigmund
D:3:      layout_basic, uniq_jessica, uniq_natasha
D:4:      layout_layer_cave, nicolae_gozag_zags_fifth_avenue,
          lemuel_mausoleum_altar_kikubaaqudgha, corexii_shack, uniq_menkaure
D:5:      minmay_chambers_of_fours, layout_rooms, slow_altar_2, serial_shops,
          shop
D:6:      minmay_polygon_palace, layout_rooms, minmay_temple_entry_mini_moons,
          gup_sewer_entry_spiral, hangedman_decor_riveting
D:7:      layout_gridville
D:8:      minmay_evil_eye, layout_basic, beargit_hepliaklqana_dungeon_heroes,
          chequers_temple_overflow_statue_of_worship, kennysheep_flooded_box
D:9:      layout_basic, serial_shops, nicolae_stop_n_shop_1,
          kennysheep_generic_room_5
D:10:     cheibrodos_helix_gallery, layout_rooms,
          grunt_lair_entry_orc_guard_hut, uniq_maurice
D:11:     layout_loops_ring, minmay_shop_enchanted_jewellery, hex_tiny,
          nicolae_straight_to_the_point
Temple:   eino_temple_rhombus
Orc:1:    layout_diamond_mine, okawaru_metal_pillars_3, uniq_jorgrun,
          uniq_erolcha

Skill      XL: |  1  2  3  4  5  6  7  8  9 10 11 12 |
---------------+-------------------------------------+-----
Long Blades    | 2 3 4 5 6 7 9 10 | 10.6
Fighting       | 4 5 7 8 9 10 | 10.0
Armour         | 4 5 6 |  6.9
Stealth        | 1 2 |  2.0
Shields        | 4 5 6 7 |  7.4
Dodging        | 1 2 |  2.3
Evocations     | 1 3 5 6 |  6.4
Throwing       | 1 2 |  2.1
Invocations    | 3 4 6 7 |  7.9

Action                   |  1- 3 |  4- 6 |  7- 9 | 10-12 || total
-------------------------+-------+-------+-------+-------++-------
Melee: Long sword        |    86 |   162 |   349 |   366 ||   963
       Unarmed           |       |       |     1 |       ||     1
Throw: Dart              |       |     1 |    16 |    22 ||    39
       Boomerang         |       |       |     1 |       ||     1
Invok: Divine Shield     |       |       |     5 |     7 ||    12
       Cleansing Flame   |       |       |       |     1 ||     1
Evoke: Wand              |       |       |     1 |    22 ||    23
       Phantom mirror    |       |       |       |     1 ||     1
  Use: Potion            |     2 |     1 |     2 |     4 ||     9
       Scroll            |       |     5 |    12 |    13 ||    30
Armor: Scale mail        |    33 |    90 |    59 |       ||   182
       Chain mail        |       |       |   105 |    34 ||   139
       Plate armour      |       |       |       |   189 ||   189
Dodge: Dodged            |    28 |    62 |   113 |   166 ||   369
Block: Buckler           |    13 |    44 |   141 |   166 ||   364
       Reflection        |       |       |       |     6 ||     6

Table legend: (Time is in decaauts)
 A = Elapsed time spent in this place.
 B = Non-inter-level travel time spent in this place.
 C = Inter-level travel time spent in this place.
 D = Time resting spent in this place.
 E = Time spent auto-exploring this place.
 F = Levels seen in this place.
 G = Mean time per level.
                   A        B        C        D        E       F      G
               +--------+--------+--------+--------+--------+-----+--------+
         Total |  10993 |  10993 |      0 |   1333 |   1388 |  14 |  785.2 |
       Dungeon |  10494 |  10494 |      0 |   1274 |   1388 |  11 |  954.0 |
        Temple |     12 |     12 |      0 |      0 |      0 |   1 |   12.0 |
  Orcish Mines |    148 |    148 |      0 |      0 |      0 |   1 |  148.0 |
         Sewer |    337 |    337 |      0 |     59 |      0 |   1 |  337.0 |
               +--------+--------+--------+--------+--------+-----+--------+

Top non-repeatable levels by time:
     D:6: 1392 daAuts
     D:4: 1250 daAuts
     D:3: 1212 daAuts
     D:9: 1165 daAuts
     D:1: 1075 daAuts
    D:11: 930 daAuts
     D:5: 930 daAuts
     D:2: 915 daAuts
     D:8: 651 daAuts
    D:10: 522 daAuts
     D:7: 447 daAuts
   Sewer: 337 daAuts
   Orc:1: 148 daAuts
  Temple: 12 daAuts
